 Dungeon Crawl Stone Soup version 0.31.0-32-g396128a36d (webtiles) character file.

Game seed: 8080044766195647549

699 ProdiganSon the Apothecary (level 7, -4/46 HPs)
             Began as an Octopode Earth Elementalist on Apr 12, 2024.
             Slain by a troll (17 damage)
             ... on level 5 of the Dungeon.
             The game lasted 00:08:31 (5638 turns).

ProdiganSon the Apothecary (OpEE)                   Turns: 5638, Time: 00:08:31

Health: -4/46      AC:  1    Str:  7    XL:     7   Next: 65%
Magic:  6/10       EV: 13    Int: 20    God:
Gold:   238        SH:  0    Dex: 12    Spells: 5/10 levels left

rFire   . . .        e - +0 dagger
rCold   + . .        (no shield)
rNeg    . . .        (helmet restricted)
rPois   .            (no amulet)
rElec   .            j - ring "Caifaiq" {Wiz rC+}
rCorr   .            (no ring)
SInv    .            (no ring)
Will    .....        (no ring)
Stlth   +++          (no ring)
HPRegen 0.27/turn    (no ring)
MPRegen 0.12/turn    (no ring)
                     (no ring)

%: wizardry (x1)
@: no status effects
A: almost no armour, amphibious, 8 rings, camouflage 1, gelatinous body 1,
(nimble swimmer 1), tentacles
a: no special abilities


You were on level 5 of the Dungeon.
You visited 2 branches of the dungeon, and saw 6 of its levels.

You collected 238 gold pieces.


Innate Abilities, Weirdness & Mutations

You cannot wear most types of armour.
You are amphibious.
You can wear up to eight rings at the same time.
Your skin changes colour to match your surroundings (Stealth+).
Your rubbery body absorbs attacks. (AC +1, EV +1)
((You are camouflaged when in or above water. (Stealth+)))
You have tentacles for arms and can constrict up to eight enemies at once.


   Skills:
 - Level 3.0 Fighting
 + Level 0.0 Short Blades
 - Level 2.0 Dodging
 - Level 4.0 Stealth
 - Level 2.0 Spellcasting
 - Level 1.0 Conjurations
 - Level 5.0 Earth Magic
 + Level 6.3 Alchemy


You had 5 spell levels left.
You knew the following spells:

 Your Spells              Type           Power      Damage    Failure   Level
p - Petrify               Alch/Erth      24%        N/A       6%          4
z - Sandblast             Erth           44%        2d11      1%          1

Your spell library contained the following spells:

 Spells                   Type           Power      Damage    Failure   Level
 Passwall                 Erth           22%        N/A       2%          3
 Stone Arrow              Conj/Erth      28%        3d8       6%          3
 Lesser Beckoning         Tloc           4%         N/A       10%         2
 Hailstorm                Conj/Ice       4%         3d5       16%         3
 Brom's Barrelling Bould  Conj/Erth      14%        2d4       17%         4
 Gell's Gravitas          Tloc           2%         N/A       19%         3
 Summon Ice Beast         Ice/Summ       2%         N/A       19%         3
 Teleport Other           Tloc           2%         N/A       19%         3
 Sculpt Simulacrum        Ice/Alch       7%         N/A       92%         6

Inventory:

Hand Weapons
 e - a +0 dagger (weapon)
Missiles
 h - 3 poisoned darts (quivered)
Jewellery
 j - the ring "Caifaiq" (left tentacle) {Wiz rC+}
   (You found it on level 2 of the Dungeon)

   [ring of wizardry]

   Wiz:       It improves your spell success rate.
   rC+:       It protects you from cold.
 F - a ring of fire
Talismans
 m - a blade talisman
Wands
 d - a wand of polymorph (11)
 g - a wand of paralysis (9)
 l - a wand of iceblast (11)
Scrolls
 b - 3 scrolls of identify {unknown}
 c - a scroll of blinking {unknown}
 f - 5 scrolls of teleportation {unknown}
 i - a scroll of enchant weapon {unknown}
 k - a scroll of revelation {unknown}
 n - a scroll of fear {unknown}
 o - a scroll of vulnerability {unknown}

Dungeon Overview and Level Annotations

Branches:
Dungeon (5/15)             Temple (1/1) D:4

Altars:
Ashenzari
Cheibriados
Elyvilon
Fedhas
Gozag
Hepliaklqana
Kikubaaqudgha
Makhleb
Nemelex Xobeh
Okawaru
Qazlal
Ru
Sif Muna
Trog
Uskayaw
Vehumet
Wu Jian
Xom
Yredelemnul
Zin
The Shining One

Shops:
D:4

!(: ▒.▒▒▒.▒▒▒.▒.....▒▒
▒J........ ▒.▒▒▒.▒
▒.▒▒...▒▒ ▒.▒▒▒▒▒▒▒▒
▒.....▒▒▒.▒▒▒'▒▒ ▒.▒
▒.▒.......▒ ▒.▒ ▒.▒
▒.▒.▒▒▒▒..▒ ▒.▒ ▒.▒
▒.........▒▒▒.▒▒ ▒.▒
▒.▒.▒▒▒▒.▒▒▒...▒▒▒▒▒▒.▒
▒.▒.▒.................▒
▒.▒.▒.▒▒.▒▒▒.@.▒▒▒▒▒▒▒▒
▒.▒.▒.▒▒.▒ ▒▒T▒▒
▒.....▒▒.▒ ▒.▒
▒▒▒......▒ ▒(▒ ▒▒▒▒▒▒▒▒
▒(▒ ▒(▒ ... .....
.▒▒.▒..


You could see a troll.


Message History

Aim: a troll (lightly wounded, poisoned, chance to affect: 55%)
The troll resists with significant effort.
The troll looks more healthy.
Casting: Petrify (dangerous; 6% risk of failure)
Confirm with . or Enter, or press ? or * to list all spells.
Aiming: Petrify (dangerous; 6% risk of failure)
Press: ? - help, Shift-Dir - straight line, f/p - troll
Aim: a troll (chance to affect: 55%)
The troll resists with significant effort.
The troll bites you! The troll barely misses you.
The troll completely misses you.
Casting: Petrify (dangerous; 6% risk of failure)
Confirm with . or Enter, or press ? or * to list all spells.
You don't have enough magic to cast this spell.
Unknown command.
Okay, then.
Magic courses through your body. The troll closely misses you.
The troll claws you!
* * * LOW HITPOINT WARNING * * *
The troll claws you.
* * * LOW HITPOINT WARNING * * *
Unknown command.
Casting: Petrify (dangerous; 6% risk of failure)
Confirm with . or Enter, or press ? or * to list all spells.
Aiming: Petrify (dangerous; 6% risk of failure)
Press: ? - help, Shift-Dir - straight line, f/p - troll
Aim: a troll (chance to affect: 55%)
The troll resists with significant effort.
The troll bites you!
You die...

Skill      XL: |  1  2  3  4  5  6  7 |
---------------+----------------------+-----
Fighting       | 1 2 3 |  3.0
Alchemy        | 4 5 6 |  6.3
Earth Magic    | 4 5 |  5.0
Stealth        | 3 4 |  4.0
Dodging        | |  2.0
Spellcasting   | |  2.0
Conjurations   | |  1.0

Action                     |  1- 3 |  4- 6 |  7- 9 || total
---------------------------+-------+-------+-------++-------
  Melee: Unarmed           |    39 |    29 |       ||    68
         Constrict         |    21 |    16 |     8 ||    45
         Tentacles         |    17 |    20 |    14 ||    51
         Dagger            |    46 |    98 |    50 ||   194
         Punch             |       |     1 |     1 ||     2
  Throw: Dart              |       |       |     5 ||     5
   Cast: Sandblast         |     7 |     3 |     5 ||    15
         Petrify           |       |     2 |     7 ||     9
    Use: Potion            |       |     3 |     1 ||     4
   Stab: Sleeping          |     8 |    11 |     1 ||    20
         Petrified         |       |       |    10 ||    10
 Armour: Skin              |    39 |    48 |    22 ||   109
  Dodge: Dodged            |    50 |    56 |    29 ||   135

Levels and vault maps discovered:
D:1:      giann_horns, layout_basic, palyth_stone_intersect, minmay_pentomino_w2
D:2:      layout_basic
D:3:      layout_basic, uniq_ijyb
D:4:      layout_loops_ring, minmay_temple_entry_trees, serial_shops, shop,
          nicolae_shop_back_alley_shop, kennysheep_mini, serial_bayou_pond_d,
          grunt_ministairs_5, uniq_sigmund
D:5:      layout_loops_corners, chequers_serial_rivers_micro_d, uniq_duvessa
Temple:   regret_index_temple_sigil_plot

Notes
Turn   | Place    | Note
-------+----------+-------------------------------------------
     0 | D:1      | ProdiganSon the Octopode Earth Elementalist began the quest
                  | for the Orb.
     0 | D:1      | Reached XP level 1. HP: 11/11 MP: 3/3
   126 | D:1      | Reached skill level 1 in Fighting
   295 | D:1      | Reached XP level 2. HP: 14/18 MP: 1/5
   345 | D:1      | HP: 1/18 [hobgoblin (2)]
   675 | D:1      | Reached skill level 2 in Fighting
  1379 | D:2      | Reached XP level 3. HP: 22/25 MP: 6/6
  1703 | D:2      | Reached skill level 3 in Fighting
  2100 | D:2      | Identified the ring "Caifaiq" {Wiz rC+}
  2110 | D:2      | Reached XP level 4. HP: 29/31 MP: 7/7
  2242 | D:2      | Learned a level 4 spell: Petrify
  2287 | D:3      | Noticed Ijyb
  2507 | D:1      | Killed Ijyb
  2508 | D:1      | Reached skill level 1 in Alchemy
  3141 | D:4      | Found a staircase to the Ecumenical Temple.
  3155 | Temple   | Entered the Ecumenical Temple
  3212 | D:4      | Found Boin Bys's Distillery.
  3289 | D:4      | Noticed Sigmund
  3299 | D:4      | Killed Sigmund
  3300 | D:4      | Reached skill level 4 in Earth Magic
  3300 | D:4      | Reached skill level 4 in Alchemy
  3300 | D:4      | Reached skill level 3 in Stealth
  3300 | D:4      | Reached XP level 5. HP: 17/36 MP: 8/8
  3300 | D:4      | Reached XP level 6. HP: 20/42 MP: 9/9
  3512 | D:4      | Reached skill level 4 in Stealth
  3764 | D:4      | Found Duetubul's Book Emporium.
  3938 | D:4      | Found Bokaad's Antique Weapon Boutique.
  4095 | D:4      | Noticed a water moccasin
  4109 | D:4      | Killed a water moccasin
  4110 | D:4      | Reached skill level 5 in Alchemy
  4110 | D:4      | Reached XP level 7. HP: 31/46 MP: 2/10
  4411 | D:5      | Entered Level 5 of the Dungeon
  4907 | D:5      | Reached skill level 6 in Alchemy
  4996 | D:5      | Noticed a steam dragon
  5014 | D:5      | Killed a steam dragon
  5015 | D:5      | Reached skill level 5 in Earth Magic
  5305 | D:5      | Noticed a troll
  5638 | D:5      | Slain by a troll

Vanquished Creatures
  Sigmund (D:4)
  A steam dragon (D:5)
  A water moccasin (D:4)
  A phantom (D:5)
  A hound (D:4)
  A jelly (D:5)
  An orc priest (D:4)
  Ijyb (D:1)
  4 adders
  A dart slug (D:3)
  2 ribbon worms
  10 orcs
  7 ball pythons
  6 endoplasms
  4 giant cockroaches
  7 goblins
  6 hobgoblins
  2 quokkas
  A bat (D:2)
  3 frilled lizards
  8 kobolds
  6 rats
75 creatures vanquished.

Table legend: (Time is in decaauts)
 A = Elapsed time spent in this place.
 B = Non-inter-level travel time spent in this place.
 C = Inter-level travel time spent in this place.
 D = Time resting spent in this place.
 E = Time spent auto-exploring this place.
 F = Levels seen in this place.
 G = Mean time per level.
                   A        B        C        D        E       F      G
               +--------+--------+--------+--------+--------+-----+--------+
         Total |   5623 |   5349 |    274 |   1228 |   3355 |   6 |  937.2 |
       Dungeon |   5573 |   5348 |    225 |   1228 |   3355 |   5 | 1114.6 |
        Temple |     49 |      0 |     49 |      0 |      0 |   1 |   49.0 |
               +--------+--------+--------+--------+--------+-----+--------+

Top non-repeatable levels by time:
     D:1: 1447 daAuts
     D:5: 1229 daAuts
     D:4: 1201 daAuts
     D:2: 1082 daAuts
     D:3: 614 daAuts
  Temple: 49 daAuts

Table legend:
 A = Non-vault XP
 B = Vault XP
 C = Vault XP percentage of total XP
 D = Non-vault monster count
 E = Vault monster count
 F = Vault count percentage of total count
                 A         B        C        D         E       F
            +---------+---------+-------+---------+---------+-------
      Total |     729 |     270 |  27.0 |      69 |       6 |   8.0
            +---------+---------+-------+---------+---------+-------
        D:1 |      27 |      40 |  59.7 |      16 |       3 |  15.8
        D:2 |      52 |       0 |   0.0 |      16 |       0 |   0.0
        D:3 |      18 |       0 |   0.0 |      11 |       0 |   0.0
        D:4 |     272 |     230 |  45.8 |      16 |       3 |  15.8
        D:5 |     360 |       0 |   0.0 |      10 |       0 |   0.0
            +---------+---------+-------+---------+---------+-------
